Map: Acolyte LE

Players

Winthrowe

  • Race: Terran Terran
  • League: Silver
  • Spawn Location: 1:00

A.I. 1 (Harder) - Winner!

  • Race: Zerg Zerg
  • Spawn Location: 7:00

VOD

Have the link to the VOD?

Description

Time

  • Played on: Aug. 24, 2017, 9:55 p.m.
  • Length: 17:41
Show
View Real Time Build Order
Export as new Build Order

Winthrowe Terran 

Build Orders:  

Get SALT Encoding   

  12  0:02  SCV  
  13  0:14  SCV  
  14  0:25  Supply Depot  
  14  0:26  SCV  
  15  0:46  SCV  
  15  0:47  Barracks  
  16  0:54  Refinery  
  16  0:58  SCV  
  17  1:10  SCV  
  18  1:17  Refinery  
  18  1:22  SCV  
  19  1:35  SCV  
  19  1:38  Marine  
  22  1:47  SCV  
  22  1:52  Command Center  
  22  1:59  SCV  
  23  2:17  Factory  
  23  2:29  Supply Depot  
  23  2:44  Barracks Reactor  
  23  2:51  SCV  
  24  3:03  SCV  
  25  3:09  Supply Depot  
  25  3:15  SCV x2  
  27  3:22  Engineering Bay  
  27  3:26  Factory Tech Lab  
  27  3:27  Marine, SCV  
  27  3:28  Marine  
  30  3:34  Starport  
  30  3:40  Engineering Bay  
  30  3:50  Armory  
  30  3:53  Siege Tank  
  33  4:01  Marine x2  
  35  4:15  Medivac  
  37  4:18  Marine  
  37  4:19  Marine  
  37  4:22  Planetary Fortress  
  39  4:26  Siege Tank  
  42  4:34  SCV  
  43  4:46  SCV  
  44  4:59  Orbital Command  
  44  5:18  Missile Turret  
  44  5:28  Marine x2  
  46  5:37  Widow Mine  
  46  5:38  Sensor Tower  
  48  5:47  SCV  
  48  5:48  SCV  
  50  5:59  SCV  
  50  6:00  Supply Depot, SCV  
  52  6:11  SCV  
  52  6:12  SCV  
  54  6:22  Marine x2, Siege Tank  
  54  6:24  Supply Depot, SCV x2  
  61  6:33  Starport Tech Lab  
  61  6:39  Marine  
  61  6:42  Barracks  
  61  6:45  Marine  
  63  6:47  Supply Depot  
  63  6:51  Supply Depot  
  63  6:54  Siege Tank  
  63  6:57  Marine  
  67  7:03  Marine, Medivac  
  70  7:10  Supply Depot  
  70  7:17  Refinery  
  70  7:18  SCV x2, Refinery  
  72  7:22  Marine  
  72  7:23  Marine  
  72  7:26  Thor  
  80  7:30  SCV x2  
  80  7:31  Supply Depot  
  80  7:35  Supply Depot  
  82  7:38  Medivac  
  82  7:40  Marine x2  
  86  7:58  Marine, Supply Depot  
  86  8:00  SCV x2  
  89  8:08  Marine, Banshee  
  89  8:09  Thor  
  89  8:12  SCV  
  100  8:13  SCV  
  100  8:16  Marine  
  102  8:21  Supply Depot  
  102  8:24  SCV  
  102  8:26  Marine, Terran Infantry Weapons Level 1  
  104  8:34  Marine, Terran Infantry Armor Level 1  
  105  8:50  Raven  
  107  8:58  Command Center  
  107  9:12  Marine x2  
  107  9:14  Refinery  
  107  9:15  Refinery  
  107  9:16  Thor  
  115  9:30  Marine x2  
  117  9:33  Banshee  
  117  9:38  Cloaking Field  
  115  9:59  Thor  
  116  10:16  Raven  
  118  10:36  Command Center  
  118  10:41  Marine x2  
  120  10:58  Command Center  
  120  10:59  Marine x2  
  122  11:10  Factory Reactor  
  122  11:30  Terran Infantry Weapons Level 2  
  122  11:52  Terran Infantry Armor Level 2  
  122  11:59  Command Center  
  122  12:03  Missile Turret  
  122  12:09  Combat Shields  
  122  12:12  Stimpack  
  119  12:19  Command Center  
  110  12:33  Missile Turret  
  82  12:46  Marauder  
  82  12:50  Hellion  
  82  12:51  Hellion  
  82  12:53  Viking  
  82  12:54  Viking  
  74  13:06  Marine  
  74  13:07  Missile Turret  
  74  13:11  Hellion  
  74  13:12  Hellion  
  73  13:23  Medivac  
  73  13:24  Marine, Medivac  
  78  13:33  Hellion x2  
  82  13:39  Concussive Shells  
  82  13:42  Marine  
  82  13:45  Terran Vehicle And Ship Armor Level 1  
  83  13:53  Medivac  
  83  13:54  Medivac, Hellion  
  83  13:55  Hellion  
  91  14:00  Marine  
  92  14:07  Planetary Fortress  
  92  14:08  Planetary Fortress x3  
  92  14:23  Viking  
  92  14:24  Viking  
  96  15:16  Missile Turret  
  96  15:23  Missile Turret  
  96  15:51  Missile Turret  
  96  15:52  Marine  
  97  15:58  Hellion x2  
  97  15:59  Missile Turret  
  97  16:01  Viking x2  
  105  16:10  Marine  
  106  16:19  Hellion  
  106  16:20  Hellion  
  106  16:21  Fusion Core  
  110  16:28  Marine  
  110  16:29  Ghost Academy  
  110  16:31  Viking x2  
  115  16:41  Hellion x2  
  115  16:46  Marine  
  96  17:01  Viking x2  
  73  17:02  Hellion  
  73  17:03  Hellion  
  73  17:04  Marine  
Show
View Real Time Build Order
Export as new Build Order

A.I. 1 (Harder) Zerg - Winner!

Build Orders: Pool First, Lurkers 

Get SALT Encoding   

  12  0:00  Drone  
  13  0:12  Overlord  
  13  0:17  Drone  
  14  0:30  Drone x2  
  16  0:42  Spawning Pool  
  15  0:44  Drone  
  15  0:49  Drone  
  17  0:52  Extractor  
  17  0:55  Drone  
  17  1:06  Overlord  
  17  1:30  Queen  
  17  1:31  Zergling x2  
  20  1:36  Roach Warren, Zergling x2  
  20  1:38  Drone  
  21  1:42  Extractor  
  20  1:49  Drone  
  21  2:00  Drone  
  22  2:10  Overlord  
  22  2:21  Drone  
  23  2:32  Roach  
  27  2:37  Roach, Drone  
  27  2:38  Overlord  
  30  2:44  Roach  
  30  2:54  Roach  
  32  3:05  Roach  
  34  3:09  Overlord  
  34  3:10  Roach  
  36  3:15  Roach  
  38  3:20  Roach  
  40  3:29  Roach  
  42  3:35  Baneling Nest  
  42  3:40  Drone  
  42  3:41  Roach, Evolution Chamber  
  44  3:42  Drone  
  44  3:51  Drone  
  45  4:02  Drone  
  46  4:12  Overlord, Drone x2  
  46  4:14  Drone  
  49  4:24  Drone  
  50  4:49  Lair  
  50  4:55  Overlord  
  50  5:01  Zerg Melee Weapons Level 1  
  50  5:20  Hatchery  
  49  5:36  Drone  
  50  5:46  Burrow  
  50  5:47  Hydralisk Den  
  50  5:48  Drone  
  50  6:16  Spore Crawler  
  50  6:17  Hydralisk  
  51  6:20  Spore Crawler  
  51  6:21  Drone  
  51  6:24  Hydralisk  
  53  6:31  Hydralisk, Queen  
  57  6:33  Drone  
  57  6:35  Drone x3  
  57  6:38  Hydralisk  
  57  6:39  Drone  
  64  6:40  Overlord, Overseer  
  64  6:44  Drone  
  64  6:45  Hydralisk  
  67  6:50  Drone x2  
  67  6:52  Hydralisk, Drone  
  73  6:54  Drone  
  73  6:58  Overseer  
  73  7:02  Drone  
  73  7:03  Drone  
  75  7:11  Zerg Ground Armor Level 1  
  75  7:12  Overlord  
  75  7:14  Drone  
  76  7:22  Spine Crawler, Drone  
  76  7:23  Drone  
  76  7:24  Drone  
  76  7:26  Drone  
  76  7:29  Drone  
  80  7:35  Drone  
  80  7:36  Spine Crawler, Drone  
  81  7:38  Drone  
  81  7:40  Overlord  
  82  7:44  Spore Crawler  
  82  7:45  Drone  
  82  7:49  Spore Crawler  
  82  7:50  Drone  
  82  7:55  Queen  
  84  8:00  Infestation Pit  
  83  8:06  Spire  
  83  8:10  Evolution Chamber  
  81  8:13  Spine Crawler, Drone  
  81  8:18  Spine Crawler  
  80  8:36  Zerg Missile Weapons Level 1  
  80  8:44  Extractor  
  80  8:47  Extractor  
  80  8:48  Drone  
  79  8:54  Pneumatized Carapace, Infestor, Lurker Den  
  81  9:01  Hatchery  
  80  9:10  Overseer  
  80  9:23  Drone  
  81  9:25  Drone  
  82  9:35  Overlord  
  82  9:38  Hive  
  82  9:49  Zergling x2, Drone  
  76  9:57  Roach  
  52  10:03  Hydralisk  
  54  10:19  Hydralisk  
  54  10:20  Drone x2  
  58  10:22  Extractor  
  58  10:24  Drone  
  58  10:25  Extractor  
  58  10:27  Roach, Drone  
  60  10:29  Drone  
  60  10:31  Drone  
  60  10:32  Hydralisk  
  60  10:33  Drone  
  60  10:35  Drone  
  66  10:37  Drone  
  66  10:39  Hydralisk, Drone  
  66  10:40  Drone  
  72  10:42  Drone  
  72  10:44  Drone  
  72  10:45  Hydralisk  
  72  10:46  Drone  
  72  10:47  Drone  
  72  10:49  Drone  
  78  10:51  Drone  
  78  10:52  Ravager, Ultralisk Cavern, Infestor  
  78  10:56  Drone  
  82  10:58  Drone  
  82  10:59  Roach, Drone  
  82  11:01  Drone  
  82  11:03  Drone  
  88  11:05  Infestor  
  90  11:11  Hydralisk  
  90  11:12  Overlord, Lurker x2  
  90  11:18  Hydralisk  
  94  11:22  Viper  
  99  11:29  Lurker  
  99  11:31  Hydralisk  
  99  11:32  Overlord  
  102  11:38  Lurker  
  103  11:41  Hydralisk  
  105  11:48  Ultralisk  
  105  11:50  Zerg Melee Weapons Level 2  
  105  11:51  Spore Crawler  
  105  11:52  Drone  
  105  11:53  Spore Crawler  
  110  11:54  Drone  
  110  11:56  Queen  
  113  12:04  Zerg Ground Armor Level 2  
  113  12:18  Spine Crawler  
  113  12:19  Drone x2  
  113  12:20  Spine Crawler  
  113  12:22  Drone  
  113  12:23  Pathogen Glands  
  109  12:30  Drone, Overlord, Lair  
  109  12:31  Zergling x2, Drone x2  
  109  12:32  Hatchery  
  92  12:38  Roach  
  92  12:42  Drone  
  92  12:43  Hydralisk  
  82  12:48  Overseer  
  82  12:50  Extractor, Hydralisk  
  78  12:56  Infestor  
  79  13:03  Zergling x2  
  79  13:05  Roach  
  81  13:11  Roach  
  82  13:13  Roach  
  84  13:21  Overlord, Hydralisk  
  84  13:24  Hydralisk  
  88  13:27  Overseer  
  88  13:28  Ravager  
  88  13:29  Roach  
  88  13:31  Roach  
  88  13:34  Roach  
  95  13:36  Roach  
  95  13:38  Ravager  
  95  13:39  Overlord  
  95  13:40  Roach  
  100  13:42  Roach  
  100  13:44  Ravager x2  
  100  13:45  Roach  
  100  13:47  Roach  
  108  13:50  Hydralisk  
  108  13:53  Ravager  
  111  13:56  Extractor  
  111  13:57  Roach  
  111  13:58  Overlord, Hydralisk  
  111  14:00  Hydralisk  
  111  14:02  Hydralisk  
  116  14:06  Extractor, Drone  
  118  14:14  Infestor  
  118  14:17  Overlord, Drone x3  
  121  14:18  Drone x4  
  127  14:25  Zerg Missile Weapons Level 2  
  127  14:32  Glial Reconstitution  
  127  14:35  Overlord  
  127  14:42  Zerg Flyer Weapons Level 1  
  127  14:54  Overlord  
  127  15:03  Spore Crawler  
  127  15:04  Zerg Melee Weapons Level 3, Drone  
  127  15:05  Spore Crawler  
  127  15:07  Drone  
  127  15:11  Queen  
  129  15:15  Queen  
  131  15:31  Spine Crawler, Drone  
  131  15:34  Spine Crawler, Drone  
  131  15:51  Overlord, Roach, Tunneling Claws  
  131  15:53  Roach  
  131  15:55  Roach  
  137  15:57  Roach  
  137  15:59  Roach  
  137  16:01  Roach  
  137  16:04  Roach  
  145  16:06  Roach  
  145  16:08  Roach  
  145  16:10  Overlord, Roach  
  151  16:12  Roach  
  151  16:15  Roach  
  151  16:16  Hydralisk  
  157  16:18  Hydralisk  
  159  16:28  Overlord, Infestor  
  161  16:40  Zergling x2  
  161  16:45  Roach  
  161  16:47  Overlord  
  161  16:48  Hydralisk  
  161  16:53  Roach  
  161  16:58  Overseer, Overlord x2  
  161  17:05  Overseer  
  161  17:06  Hatchery  
  160  17:17  Overlord, Drone  
Tags
 
Composition
Lurkers
League
Silver
Matchup
TvZ
Opening
Pool First
Spawn Locations
Cross Positions
Add a new tag
Caveats
  • Supply blocks, unpowered buildings, or Contaminate may cause inaccurate times.
  • Supply counts are checked every 10 seconds.